 Dungeon Crawl Stone Soup version 0.27-a0-1319-geec4fb4e21 (webtiles) character file.

Game seed: 16833076117567267082

444070 lessens the Sorcerer (level 23, -14/165 HPs)
             Began as a Mummy Earth Elementalist on June 21, 2021.
             Was the Champion of Vehumet.
             Demolished by a caustic shrike (28 damage)
             ... on level 2 of the Depths.
             The game lasted 02:30:42 (83502 turns).

lessens the Sorcerer (Mummy Earth Elementalist)    Turns: 83502, Time: 02:30:43

Health: -14/165    AC:  8    Str: 14    XL:     23   Next: 7%
Magic:  22/52      EV: 19    Int: 25    God:    Vehumet [******]
Gold:   735        SH:  7    Dex: 18    Spells: 9/72 levels left

rFire    + . .     SeeInvis .   a - staff of conjuration
rCold    + . .     Faith    .   u - +1 buckler {AC+3}
rNeg     + + +     Spirit   .   q - +2 robe {rF+}
rPois    ∞         Reflect  .   r - +1 helmet
rElec    .         Harm     .   k - +2 cloak
rCorr    .         Rampage  .   p - +0 pair of gloves
Will     ++++.                  Q - +2 pair of boots {Fly}
Stlth    ++........             s - amulet of Gairail {Regen+ Dex+4 Slay+3}
HPRegen  1.37/turn              W - ring of Juhe {rPois rF+ Will+ Str-2 Slay+3}
MPRegen  0.33/turn              n - ring of Qategh {Will+ EV+4 Str+4 Int+3}

@: in a vortex, unable to drink, corroded, flying, very slightly contaminated,
studying 2 skills
A: cold resistance 1, negative energy resistance 3, torment resistance 2, heat
vulnerability 1, in touch with death 1, no potions
}: 2/15 runes: decaying, serpentine
a: Renounce Religion


You were on level 2 of the Depths.
You worshipped Vehumet.
Vehumet was exalted by your worship.
You visited 9 branches of the dungeon, and saw 42 of its levels.
You also visited: Bailey, Gauntlet and Ice Cave.

You collected 6158 gold pieces.
You spent 5423 gold pieces at shops.

Inventory:

Hand Weapons
 b - a +4 lajatang of freezing
Missiles
 c - 638 stones
 x - 8 poisoned darts
 C - 20 atropa-tipped darts
 L - 6 javelins
 X - 8 boomerangs of dispersal
Armour
 k - a +2 cloak (worn)
 p - a +0 pair of gloves (worn)
 q - a +2 robe of fire resistance (worn)
 r - a +1 helmet (worn)
 u - a +1 buckler of protection (worn)
 A - the +1 robe of Amorality {Str+7}
   (You found it on level 7 of the Dungeon)

   It affects your strength (+7).
 Q - a +2 pair of boots of flying (worn)
Magical Staves
 a - a staff of conjuration (weapon)
 i - a staff of poison
 o - a staff of death
 w - a staff of fire
 B - a staff of cold
Jewellery
 h - a ring of resist corrosion
 n - the ring of Qategh (right hand) {Will+ EV+4 Str+4 Int+3}
   (You found it on level 4 of the Snake Pit)

   [ring of evasion]

   It affects your evasion (+4).
   It affects your strength (+4).
   It affects your intelligence (+3).
   It increases your willpower.
 s - the amulet of Gairail (around neck) {Regen+ Dex+4 Slay+3}
   (You found it on level 5 of the Dungeon)

   [amulet of regeneration]

   It affects your dexterity (+4).
   It affects your accuracy and damage with ranged weapons and melee attacks
   (+3).
   It increases your rate of health regeneration.
 D - the ring "Puliwaih" {rElec rC+ Will- rCorr Dex+2}
   (You found it on level 2 of the Elven Halls)

   [ring of protection from cold]

   It affects your dexterity (+2).
   It protects you from cold.
   It insulates you from electricity.
   It protects you from acid and corrosion.
   It decreases your willpower.
 H - a ring of protection from fire
 O - an amulet of magic regeneration
 R - the amulet "Lurryego" {Reflect Rampage +Inv Str-4 Dex-2 SH+5}
   (You found it in a Gauntlet)

   [amulet of reflection]

   It reflects blocked missile attacks.
   It affects your strength (-4).
   It affects your dexterity (-2).
   It lets you turn invisible.
   It affects your SH (+5).
   It bestows one free step when moving towards enemies.
 S - the ring "Guej" {Fly rN+ rCorr Dex-5 SInv}
   (You found it in a Gauntlet)

   [ring of flight]

   It affects your dexterity (-5).
   It protects you from negative energy.
   It lets you see invisible.
   It grants you flight.
   It protects you from acid and corrosion.
 U - the amulet of the Sturgeon {Reflect rElec SH+5 SInv}
   (You took it off a deep elf death mage on level 3 of the Elven Halls)

   [amulet of reflection]

   It reflects blocked missile attacks.
   It insulates you from electricity.
   It lets you see invisible.
   It affects your SH (+5).
 W - the ring of Juhe (left hand) {rPois rF+ Will+ Str-2 Slay+3}
   (You took it off a deep elf annihilator on level 3 of the Elven Halls)

   [ring of protection from fire]

   It affects your strength (-2).
   It affects your accuracy and damage with ranged weapons and melee attacks
   (+3).
   It protects you from fire.
   It protects you from poison.
   It increases your willpower.
 Y - the ring "Fathrud" {rC+ Will+}
   (You bought it in a shop on level 1 of the Snake Pit)

   [ring of willpower]

   It protects you from cold.
   It increases your willpower.
Wands
 f - a wand of acid (13)
 l - a wand of flame (23)
 z - a wand of iceblast (43)
 M - a wand of mindburst (46)
 N - a wand of paralysis (7)
Scrolls
 d - 4 scrolls of amnesia
 e - 2 scrolls of vulnerability
 g - 6 scrolls of teleportation
 j - 2 scrolls of torment
 m - 25 scrolls of identify
 t - 3 scrolls of fog
 v - 7 scrolls of fear
 y - 3 scrolls of summoning
 G - 5 scrolls of blinking
 I - 2 scrolls of brand weapon
 K - 9 scrolls of enchant armour
 P - 3 scrolls of magic mapping
 V - 3 scrolls of silence
Miscellaneous
 E - a phantom mirror
 F - a condenser vane
 T - a phantom mirror


   Skills:
 + Level 9.8 Fighting
 + Level 11.5 Staves
 - Level 1.8 Armour
 - Level 5.1 Dodging
 - Level 1.5 Stealth
 - Level 5.0 Shields
 - Level 25.0 Spellcasting
 - Level 15.4 Conjurations
 - Level 1.3 Transmutations
 + Level 17.0 Ice Magic
 - Level 10.1 Earth Magic
 - Level 4.5 Poison Magic
 - Level 5.3 Evocations


You had 9 spell levels left.
You knew the following spells:

 Your Spells              Type           Power      Damage    Failure   Level
a - Sandblast             Erth           100%       2d20      0%          1
b - Stone Arrow           Conj/Erth      100%       3d13      0%          3
c - Mephitic Cloud        Conj/Pois/Air  77%        N/A       1%          3
d - Lee's Rapid Deconstr  Erth           35%        3d19*     1%          5
e - Olgreb's Toxic Radia  Pois           52%        N/A       1%          4
f - Orb of Destruction    Conj           52%        9d16      1%          7
g - Freezing Cloud        Conj/Ice/Air   45%        6-21      1%          5
h - Lightning Bolt        Conj/Air       40%        1d59      1%          5
i - Bolt of Magma         Conj/Fire/Erth 42%        4d18      1%          5
j - Ozocubu's Refrigerat  Ice            43%        4d13      1%          7
k - Ignite Poison         Fire/Tmut/Pois 41%        N/A       1%          3
l - Iron Shot             Conj/Erth      48%        9d9       1%          6
m - Polar Vortex          Ice            43%        N/A       24%         9

Your spell library contained the following spells:

 Spells                   Type           Power      Damage    Failure   Level
 Ignition                 Fire           15%        3d6       100%        8
 Hailstorm                Conj/Ice       100%       3d20      0%          4
 Animate Skeleton         Necr           92%        N/A       1%          1
 Apportation              Tloc           62%        N/A       1%          1
 Corona                   Hex            34%        N/A       1%          1
 Sting                    Tmut/Pois      100%       1d8       1%          1
 Summon Small Mammal      Summ           100%       N/A       1%          1
 Blink                    Tloc           N/A        N/A       1%          2
 Corpse Rot               Necr/Air       N/A        N/A       1%          2
 Ensorcelled Hibernation  Hex/Ice        100%       N/A       1%          2
 Passwall                 Tmut/Erth      46%        N/A       1%          2
 Poisonous Vapours        Pois/Air       84%        N/A       1%          2
 Slow                     Hex            31%        N/A       1%          2
 Conjure Flame            Conj/Fire      81%        6-21      1%          3
 Dazzling Flash           Conj/Hex       100%       N/A       1%          3
 Animate Armour           Summ/Erth      100%       N/A       1%          4
 Iskenderun's Mystic Bla  Conj/Tloc      81%        2d16      1%          4
 Leda's Liquefaction      Hex/Erth       27%        N/A       1%          4
 Petrify                  Tmut/Erth      56%        N/A       1%          4
 Summon Ice Beast         Ice/Summ       65%        N/A       1%          4
 Irradiate                Conj/Tmut      41%        3d27      1%          5
 Iskenderun's Battlesphe  Conj           100%       2d15      1%          5
 Metabolic Englaciation   Hex/Ice        32%        N/A       1%          5
 Conjure Ball Lightning   Conj/Air       40%        3x3d13    1%          6
 Confusing Touch          Hex            31%        N/A       3%          3
 Gell's Gravitas          Tloc           15%        N/A       3%          3
 Lesser Beckoning         Tloc           15%        N/A       3%          3
 Summon Guardian Golem    Hex/Summ       31%        N/A       3%          3
 Swiftness                Air            31%        N/A       3%          3
 Teleport Other           Tloc           31%        N/A       3%          3
 Tukima's Dance           Hex            31%        N/A       3%          3
 Borgnjor's Vile Clutch   Necr/Erth      35%        N/A       3%          5
 Simulacrum               Ice/Necr       42%        N/A       4%          6
 Yara's Violent Unravell  Hex/Tmut       17%        3d8       6%          5
 Animate Dead             Necr           23%        N/A       11%         4
 Summon Lightning Spire   Summ/Air       31%        N/A       11%         4
 Spellforged Servitor     Conj/Summ      40%        N/A       11%         7
 Lehudib's Crystal Spear  Conj/Erth      48%        10d12     11%         8
 Eringya's Noxious Bog    Tmut/Pois      23%        N/A       13%         6
 Manifold Assault         Tloc           31%        N/A       28%         5
 Summon Forest            Summ/Tloc      15%        N/A       28%         5
 Death Channel            Necr           23%        N/A       85%         6
 Shatter                  Erth           35%        3d28*     98%         9
 Summon Hydra             Summ           15%        N/A       100%        7
 Discord                  Hex            15%        N/A       100%        8
 Disjunction              Tloc           15%        N/A       100%        8
 Chain Lightning          Conj/Air       40%        3d54      100%        9
 Fire Storm               Conj/Fire      40%        8d10      100%        9
 Beastly Appendage        Tmut           Unusable   N/A       N/A         1
 Sublimation of Blood     Necr           Unusable   N/A       N/A         2
 Wereblood                Tmut           Unusable   N/A       N/A         2
 Spider Form              Tmut/Pois      Unusable   N/A       N/A         3
 Ice Form                 Ice/Tmut       Unusable   N/A       N/A         4
 Statue Form              Tmut/Erth      Unusable   N/A       N/A         6
 Blade Hands              Tmut           Unusable   N/A       N/A         5
 Dragon Form              Tmut           Unusable   N/A       N/A         7
 Storm Form               Tmut/Air       Unusable   N/A       N/A         7

Dungeon Overview and Level Annotations

Branches:
Dungeon (15/15)            Temple (1/1) D:4            Lair (6/6) D:9
  Swamp (4/4) Lair:2        Snake (4/4) Lair:4        Slime (0/5) Lair:6
    Orc (2/2) D:9             Elf (3/3) Orc:2        Vaults (5/5) D:14
  Crypt (0/3) Vaults:3     Depths (2/5) D:15         Bailey (visited)
  IceCv (visited)         Gauntlet (visited)

Altars:
Ashenzari
Cheibriados
Dithmenos
Elyvilon
Gozag
Makhleb
Nemelex Xobeh
Okawaru
Qazlal
Ru
Sif Muna
Trog
Vehumet
Wu Jian
Xom
Zin
The Shining One
Lugonu

Shops:
D:4 :   D:7 [   D:11 *   Orc:1 ?   Orc:2 (:*!?   Elf:1 ?   Elf:3 !
Snake:1 :==   Snake:4 [   Vaults:1 :   Depths:1 *:?(?

Portals:
Hell: Depths:1 Depths:2
Abyss: D:6
Ziggurat: Depths:1
Trove: Depths:1 (give 14 scrolls of teleportation)

Annotations:
D:2 Sigmund
D:6 2 transporters, Demosthentine's ghost, novice MfGl
D:7 2 transporters
D:13 1 transporter
Depths:1 2 transporters, exclusions: lich and 3 more exclusions, Poecwed's ghost, veteran SpVM


Innate Abilities, Weirdness & Mutations

You are immune to poison.
Your flesh is cold resistant. (rC+)
You are immune to negative energy. (rN+++)
You are immune to unholy pain and torment.
You are vulnerable to heat. (rF-)
You are in touch with the powers of death.
You do not drink.


Message History

The caustic shrike resists.
The caustic shrike is heavily wounded.
The caustic shrike resists.
The caustic shrike is heavily wounded.
The caustic shrike resists.
The caustic shrike is lightly wounded.
The red very ugly thing is heavily wounded.
You kill the red very ugly thing!
Vehumet accepts your kill.
You feel your power returning. The caustic shrike barely misses you.
The caustic shrike claws you! The acid corrodes you!
You are splashed with acid!
You block the caustic shrike's attack.
The caustic shrike completely misses you.
Casting: Ozocubu's Refrigeration (mildly dangerous; 1% risk of failure)
Confirm with . or Enter, or press ? or * to list all spells.
The heat is drained from your surroundings.
You feel very cold.
The caustic shrikes and the red very ugly thing are frozen.
The caustic shrike resists.
The caustic shrike is severely wounded.
The caustic shrike resists.
The caustic shrike is severely wounded.
The caustic shrike resists.
The caustic shrike is almost dead.
The caustic shrike resists.
The caustic shrike is moderately wounded.
The red very ugly thing is almost dead.
You kill the caustic shrike!
Vehumet accepts your kill.
You feel your power returning.
You kill the red very ugly thing!
Vehumet accepts your kill.
You feel your power returning. The caustic shrike claws you!!
The acid corrodes you!
You are splashed with acid.
The caustic shrike claws you!!
* * * LOW HITPOINT WARNING * * *
You are splashed with acid!
* * * LOW HITPOINT WARNING * * *
The caustic shrike claws you!!
You die...

. .# #.#.###.....# ##.# ..
####.....<# ...#
###.#####.....#####.# ##.# .
#.................# ∩..##...
#.#####§§.....###.# ........ .
#§§§.....###.# .[.#.... .....
###§§§.........#
.#.....#....§§##§§§§§.....###.#
.#.....#....§§§§@b§§§....)###
.#..........§§§§bb§§§.........
............§§§§§§§§§###..####
)#..#..#.##.§§§§§§§§§###.....
.[........#.§§§§§§§§§.........
#.######.....#.#.#...##...###.
†.....###....[.......##......
........###..................
#####.....####.#..........##.


You could see 3 caustic shrikes.

Vanquished Creatures
  A caustic shrike (Depths:2)
  Jory (Vaults:3)
  Nikola (Depths:2)
  A bone dragon (Elf:1)
  Rupert (Lair:4)
  A titan (Depths:2)
  2 liches (Depths:1)
  2 deep elf blademasters (Elf:3)
  2 quicksilver dragons (Snake:4)
  The ghost of Frod the Frost Mage, an adept HuIE of Sif Muna (Elf:3)
  2 deep elf master archers (Elf:3)
  A sphinx (Elf:1)
  A tengu reaver (Depths:1)
  An eldritch tentacle (Elf:1)
  Roxanne (Elf:1)
  The ghost of Huol the Warrior, an adept FoFi of Okawaru (Elf:1)
  Donald (Vaults:3)
  3 thorn hunters (Swamp:4)
  4 nagarajas
  4 fire giants
  The ghost of Feoll the Thaumaturge, a journeyman DDNe of Makhleb (Elf:3)
  An iron dragon (Elf:1)
  14 vault wardens
  3 frost giants
  Louise (D:14)
  5 deep elf elementalists (Elf:3)
  An orc warlord (Vaults:1)
  5 vampire knights
  Nessos (D:13)
  5 stone giants
  10 ironbound preservers
  22 very ugly things
  6 deep elf annihilators (Elf:3)
  2 bunyips (Swamp:2)
  6 dire elephants
  5 deep elf demonologists
  Azrael (Snake:1)
  3 spark wasps (Depths:2)
  A minotaur (Gauntlet)
  6 ettins
  6 deep elf death magi (Elf:3)
  6 eleionomae
  An eidolon (Elf:1)
  A crystal guardian (Vaults:3)
  13 yaktaur captains
  6 fire dragons
  11 naga warriors
  Fannar (Orc:1)
  2 deep elf high priests
  5 ice dragons
  A shambling mangrove (Swamp:2)
  7 great orbs of eyes
  4 boulder beetles
  A rakshasa (Depths:1)
  29 vault guards
  3 spriggan air magi
  6 ironbound thunderhulks
  28 hydras
  A peacekeeper (Vaults:3)
  3 salamander tyrants (Snake:4)
  A quicksilver dragon skeleton (Elf:1)
  2 ogre magi
  14 anacondas
  12 ghost crabs
  3 ironbound frosthearts
  13 centaur warriors
  2 death knights
  6 catoblepae
  7 two-headed ogres
  17 death yaks (Lair:6)
  28 dancing weapons
  3 alligator snapping turtles (Snake:2)
  A deep troll earth mage (Depths:2)
  Urug (Lair:1)
  7 alligators
  4 deep troll shamans (Depths:2)
  5 tengu warriors
  An orc high priest (Orc:1)
  Nergalle (Lair:2)
  13 naga sharpshooters
  3 spriggan berserkers (Depths:2)
  4 hell knights
  12 deep elf knights
  4 ironbound beastmasters
  9 shock serpents
  2 sixfirhies (Gauntlet)
  7 skeletal warriors
  3 salamander mystics
  4 sea snakes (Snake:4)
  7 goliath frogs
  6 naga ritualists
  4 iron trolls
  6 swamp dragons (Swamp:4)
  3 glowing orange brains
  41 deep trolls
  8 spriggan druids
  7 deep elf archers
  11 wizards
  12 ironbound convokers
  Pikel (D:5)
  A bog body (Swamp:1)
  3 phantasmal warriors
  A harpy (Vaults:1)
  7 orc knights
  A shadow dragon skeleton (Elf:1)
  16 mana vipers
  A stone giant zombie (Vaults:1)
  7 cyclopes
  22 deep elf pyromancers
  2 oklob plants
  An orc sorcerer (Orc:1)
  5 necromancers
  60 ugly things
  2 manticores (Lair:6)
  A will-o-the-wisp (Swamp:1)
  13 salamanders
  18 deep elf zephyrmancers
  A manticore (shapeshifter) (D:14)
  39 black mambas
  3 apocalypse crabs (Swamp:1)
  15 vault sentinels
  A fire giant skeleton (Depths:2)
  An ice statue (IceCv)
  12 naga magi
  10 elephants
  11 guardian serpents
  A cane toad (shapeshifter) (D:15)
  A gargoyle (D:11)
  A storm dragon simulacrum (Elf:1)
  A human skeleton (Vaults:1)
  Maggie (Lair:2)
  18 cane toads
  An unseen horror (D:13)
  3 rime drakes
  A kobold demonologist (D:5)
  2 freezing wraiths
  54 yaktaurs
  6 komodo dragons
  2 ice devils (Lair:5)
  3 tengu conjurers
  17 trolls
  A harpy zombie (D:15)
  A shadow dragon simulacrum (Depths:2)
  4 jumping spiders (Elf:1)
  17 polar bears
  2 raiju (Elf:1)
  14 blink frogs
  7 tyrant leeches
  10 hornets
  An ettin zombie (Vaults:1)
  2 snapping turtles (Snake:2)
  33 slime creatures
  A centaur simulacrum (D:14)
  A flying skull (Vaults:3)
  An elf skeleton (Elf:1)
  A spriggan skeleton (Depths:2)
  3 small abominations (Elf:1)
  An air elemental (Elf:1)
  5 basilisks
  5 wyverns
  3 wraiths
  A vampire (D:13)
  12 spriggans
  52 yaks
  Eustachio (D:4)
  A fire bat (shapeshifter) (D:15)
  3 water elementals
  3 fire elementals
  2 golden eyes (Elf:1)
  7 vampire mosquitoes
  14 swamp worms
  32 nagas
  2 spatial vortices (Elf:1)
  3 wargs
  4 acid dragons
  13 water moccasins
  Duvessa (D:4)
  6 hell hounds (Snake:1)
  9 swamp drakes
  An ice beast (D:8)
  An elf simulacrum (Elf:1)
  59 orc warriors
  4 sky beasts
  5 black bears
  13 ogres
  A blink frog zombie (D:9)
  4 necrophages
  31 wolves
  8 boggarts (Vaults:3)
  20 centaurs
  A phantom (D:7)
  A kobold brigand (D:6)
  10 bullfrogs
  2 earth elementals (Elf:1)
  Dowan (D:4)
  A gnoll sergeant (D:8)
  A wyvern zombie (D:5)
  4 scorpions
  A glowing shapeshifter simulacrum (Elf:1)
  A hornet simulacrum (D:15)
  A water moccasin skeleton (D:5)
  18 killer bees
  4 howler monkeys
  11 electric eels
  A lava snake (D:7)
  2 bullfrog zombies (D:6)
  4 hounds
  3 centaur zombies
  13 orc priests
  A bullfrog skeleton (D:4)
  3 centaur skeletons
  A gnoll shaman (D:7)
  7 jellies
  Terence (D:3)
  2 iguanas
  22 orc wizards
  4 lightning spires (Elf:1)
  A killer bee zombie (D:6)
  A hound skeleton (D:4)
  10 gnolls
  5 adders
  A howler monkey skeleton (D:7)
  2 shadow imps
  5 white imps
  An ufetubus (D:5)
  2 dart slugs (D:2)
  3 worms
  84 orcs
  4 ball pythons
  6 bats
  5 endoplasms
  3 giant cockroaches
  4 goblins
  5 hobgoblins
  A jackal (D:2)
  2 quokkas (D:3)
  2 frilled lizards
  9 kobolds
  3 ball lightnings (Elf:1)
  A butterfly (Lair:6)
1634 creatures vanquished.

Vanquished Creatures (others)
  A deep elf zephyrmancer (Elf:1)
  An orc (Bailey)
  32 fungi
  64 plants
98 creatures vanquished.

Grand Total: 1732 creatures vanquished

Notes
Turn   | Place    | Note
-------+----------+-------------------------------------------
     0 | D:1      | lessens the Mummy Earth Elementalist began the quest for
                  | the Orb.
     0 | D:1      | Reached XP level 1. HP: 13/13 MP: 4/4
   246 | D:1      | Reached skill level 1 in Transmutations
   540 | D:1      | Reached skill level 3 in Spellcasting
   540 | D:1      | Reached XP level 2. HP: 15/19 MP: 6/6
  1285 | D:2      | Found a faded altar of an unknown god.
  2723 | D:2      | Noticed Sigmund
  2838 | D:2      | Reached XP level 3. HP: 14/24 MP: 7/7
  3388 | D:3      | Found a broken altar of Ashenzari.
  3974 | D:2      | HP: 1/24 [worm (11)]
  4797 | D:2      | Learned a level 3 spell: Stone Arrow
  5613 | D:3      | Reached skill level 4 in Spellcasting
  5613 | D:3      | Reached XP level 4. HP: 30/30 MP: 5/10
  6064 | D:3      | Noticed Terence
  6254 | D:3      | Killed Terence
  6255 | D:3      | Reached skill level 1 in Conjurations
  6369 | D:4      | Found Ruekhlyhes's Book Boutique.
  6369 | D:4      | Noticed Eustachio
  6435 | D:4      | Noticed Dowan
  6620 | D:4      | Noticed Duvessa
  6632 | D:4      | Reached XP level 5. HP: 17/35 MP: 11/11
  6740 | D:4      | Killed Eustachio
  6741 | D:4      | Reached skill level 5 in Spellcasting
  6741 | D:4      | Reached XP level 6. HP: 17/41 MP: 1/13
  7713 | D:4      | Killed Duvessa
  7714 | D:4      | Reached skill level 6 in Spellcasting
  7714 | D:4      | Reached XP level 7. HP: 24/46 MP: 0/16
  7718 | D:4      | Killed Dowan
  8063 | D:4      | Found a staircase to the Ecumenical Temple.
  8196 | Temple   | Entered the Ecumenical Temple
  8238 | Temple   | Became a worshipper of Vehumet
  8586 | D:5      | Entered Level 5 of the Dungeon
  9012 | D:5      | Reached skill level 5 in Earth Magic
  9043 | D:5      | Noticed Pikel
  9051 | D:5      | Killed Pikel
  9052 | D:5      | Reached skill level 7 in Spellcasting
  9052 | D:5      | Reached XP level 8. HP: 40/52 MP: 5/19
  9326 | D:5      | Noticed a kobold demonologist
  9329 | D:5      | Killed a kobold demonologist
  9330 | D:5      | Reached skill level 8 in Spellcasting
  9330 | D:5      | Reached skill level 5 in Conjurations
  9563 | D:5      | Reached XP level 9. HP: 57/57 MP: 11/21
  9623 | D:5      | Identified the amulet of Gairail {Regen+ Dex+4 Slay+3}
  9639 | D:5      | Noticed a troll
  9643 | D:5      | Killed a troll
  9730 | D:5      | Reached skill level 9 in Spellcasting
 10381 | D:6      | Found a transporter.
 10383 | D:6      | Found a one-way gate to the infinite horrors of the Abyss.
 10383 | D:6      | Noticed Demosthentine's ghost (novice MfGl)
 10408 | D:6      | Learned a level 3 spell: Mephitic Cloud
 10414 | D:6      | Learned a level 5 spell: Lee's Rapid Deconstruction
 10482 | D:6      | Reached * piety under Vehumet
 10482 | D:6      | Offered knowledge of Shock by Vehumet.
 10644 | D:5      | Reached skill level 1 in Poison Magic
 11136 | D:6      | Noticed a two-headed ogre
 11141 | D:6      | Killed a two-headed ogre
 11142 | D:6      | Reached skill level 10 in Spellcasting
 11142 | D:6      | Reached XP level 10. HP: 63/63 MP: 10/24
 11684 | D:6      | Found a transporter.
 12087 | D:7      | Offered knowledge of Freeze by Vehumet.
 12143 | D:7      | Reached ** piety under Vehumet
 12144 | D:7      | Reached skill level 11 in Spellcasting
 12578 | D:7      | Found Eqeumus's Armour Shop.
 12674 | D:7      | Identified the +1 robe of Amorality {Str+7}
 12737 | D:7      | Noticed a white ugly thing
 12738 | D:7      | Noticed a red ugly thing
 12739 | D:7      | Found a corrupted altar of Lugonu.
 12739 | D:7      | Found a transporter.
 12740 | D:7      | Noticed a purple ugly thing
 12771 | D:7      | Reached skill level 1 in Shields
 12805 | D:7      | Found a transporter.
 13029 | D:7      | Offered knowledge of Searing Ray by Vehumet.
 13623 | D:8      | Reached *** piety under Vehumet
 13948 | D:8      | Reached skill level 5 in Shields
 14032 | D:8      | Identified the +3 buckler of the Hundredfold Knives {rPois}
 14153 | D:9      | Found a sparkling altar of Nemelex Xobeh.
 14157 | D:9      | Found a bloodstained altar of Trog.
 14163 | D:9      | Found a sacrificial altar of Ru.
 14164 | D:9      | Found a stormy altar of Qazlal.
 14165 | D:9      | Found an ornate altar of the Wu Jian Council.
 14188 | D:9      | Reached XP level 11. HP: 68/68 MP: 20/26
 14293 | D:9      | Found a staircase to the Lair.
 14429 | D:9      | Offered knowledge of Iskenderun's Mystic Blast by Vehumet.
 14436 | D:9      | Learned a level 4 spell: Olgreb's Toxic Radiance
 14441 | D:9      | Learned a level 4 spell: Iskenderun's Mystic Blast
 14599 | D:9      | Reached skill level 1 in Fighting
 14650 | D:9      | Found a staircase to the Orcish Mines.
 14997 | D:9      | Reached **** piety under Vehumet
 15199 | D:10     | Entered Level 10 of the Dungeon
 15201 | D:10     | Noticed a two-headed ogre
 15209 | D:10     | Killed a two-headed ogre
 15210 | D:10     | Reached skill level 12 in Spellcasting
 15691 | D:10     | Offered knowledge of Frozen Ramparts by Vehumet.
 16090 | D:11     | Found Guywol's Neck Hole.
 16255 | D:11     | Noticed a skeletal warrior
 16259 | D:11     | Noticed a skeletal warrior
 16260 | D:11     | Killed a skeletal warrior
 16260 | D:11     | Noticed a skeletal warrior
 16445 | D:11     | Reached skill level 5 in Fighting
 16850 | D:11     | Killed a skeletal warrior
 16851 | D:11     | Reached skill level 1 in Evocations
 16992 | D:11     | Noticed a skeletal warrior
 16994 | D:11     | Noticed a phantasmal warrior
 16994 | D:11     | Noticed a death knight
 16999 | D:11     | Killed a skeletal warrior
 17000 | D:11     | Reached skill level 13 in Spellcasting
 17023 | D:10     | Killed a phantasmal warrior
 17197 | D:11     | Killed a skeletal warrior
 17337 | D:11     | Noticed a skeletal warrior
 17340 | D:11     | Killed a skeletal warrior
 17341 | D:11     | Reached XP level 12. HP: 81/86 MP: 16/29
 17583 | D:11     | Killed a death knight
 17918 | D:12     | Noticed a four-headed hydra
 17926 | D:12     | Killed a four-headed hydra
 18361 | D:12     | Noticed a two-headed ogre
 18365 | D:12     | Killed a two-headed ogre
 18545 | D:12     | Reached skill level 14 in Spellcasting
 19063 | D:12     | Reached skill level 5 in Evocations
 19202 | D:12     | Reached ***** piety under Vehumet
 19273 | D:12     | Reached skill level 10 in Earth Magic
 19713 | Lair:1   | Entered Level 1 of the Lair of Beasts
 20281 | Lair:1   | Noticed Urug
 20454 | Lair:1   | Killed Urug
 20852 | Lair:2   | Offered knowledge of Freezing Cloud by Vehumet.
 20875 | Lair:1   | Learned a level 5 spell: Freezing Cloud
 20991 | Lair:2   | Noticed a six-headed hydra
 20996 | Lair:2   | Killed a six-headed hydra
 20997 | Lair:2   | Gained mutation: You are in touch with the powers of death.
                  | [Mummy growth]
 20997 | Lair:2   | Reached XP level 13. HP: 91/91 MP: 14/31
 21134 | Lair:2   | Reached skill level 1 in Ice Magic
 21490 | Lair:2   | Noticed Maggie
 21500 | Lair:2   | Killed Maggie
 21661 | Lair:2   | Reached skill level 15 in Spellcasting
 21972 | Lair:2   | Noticed Nergalle
 21982 | Lair:2   | Killed Nergalle
 22658 | Lair:2   | Found a staircase to the Swamp.
 24701 | Lair:4   | Found a gate leading to a gauntlet.
 24710 | Gauntlet | Entered a Gauntlet
 24710 | Gauntlet | Found a large runed translucent door.
 24710 | Gauntlet | Found a large runed translucent door.
 24710 | Gauntlet | Found a large runed translucent door.
 24710 | Gauntlet | Found a large runed translucent door.
 24710 | Gauntlet | Found a large runed translucent door.
 24710 | Gauntlet | Found a large runed translucent door.
 24710 | Gauntlet | Found a large runed translucent door.
 24710 | Gauntlet | Found a large runed translucent door.
 24710 | Gauntlet | Found a runed translucent door.
 24710 | Gauntlet | Found a runed translucent gate.
 24710 | Gauntlet | Found a transporter.
 24710 | Gauntlet | Found a transporter.
 24710 | Gauntlet | Found a runed translucent gate.
 24710 | Gauntlet | Found a transporter.
 24719 | Gauntlet | Found a runed translucent door.
 24720 | Gauntlet | Found a large runed translucent door.
 24720 | Gauntlet | Found a large runed translucent door.
 24720 | Gauntlet | Found a large runed translucent door.
 24720 | Gauntlet | Found a large runed translucent door.
 24721 | Gauntlet | Found a large runed translucent door.
 24721 | Gauntlet | Found a large runed translucent door.
 24722 | Gauntlet | Found a large runed translucent door.
 24722 | Gauntlet | Found a large runed translucent door.
 24731 | Gauntlet | Found a runed translucent gate.
 24737 | Gauntlet | Found a transporter.
 24753 | Gauntlet | Found a transporter.
 24757 | Gauntlet | Found a transporter.
 24769 | Gauntlet | Found a transporter.
 24791 | Gauntlet | Found a transporter.
 24795 | Gauntlet | Noticed a dire elephant
 24809 | Gauntlet | Found a transporter.
 24813 | Gauntlet | Found a transporter.
 24823 | Gauntlet | Found a transporter.
 24827 | Gauntlet | Found a transporter.
 25170 | Gauntlet | Identified the amulet "Lurryego" {Reflect Rampage +Inv
                  | Str-4 Dex-2 SH+5}
 25185 | Gauntlet | Identified the ring "Guej" {Fly rN+ rCorr Dex-5 SInv}
 25306 | Gauntlet | Noticed a minotaur
 25312 | Gauntlet | Killed a minotaur
 25465 | Lair:4   | Reached skill level 16 in Spellcasting
 25661 | Lair:4   | Reached skill level 5 in Ice Magic
 25776 | Lair:4   | Noticed Rupert
 26011 | Lair:4   | Reached XP level 14. HP: 98/98 MP: 26/34
 26068 | Lair:4   | Found a staircase to the Snake Pit.
 26168 | Lair:4   | Killed Rupert
 26806 | Lair:5   | Found a frozen archway.
 26891 | IceCv    | Entered an ice cave
 26972 | IceCv    | Offered knowledge of Lightning Bolt by Vehumet.
 26982 | IceCv    | Learned a level 5 spell: Lightning Bolt
 27779 | IceCv    | Noticed a frost giant
 27797 | IceCv    | Killed a frost giant
 28130 | IceCv    | Identified the -2 tower shield of the Prince of Darkness
                  | {Dex+4}
 28742 | Lair:5   | Reached skill level 17 in Spellcasting
 29267 | Lair:6   | Entered Level 6 of the Lair of Beasts
 29547 | Lair:6   | Offered knowledge of Bolt of Magma by Vehumet.
 29554 | Lair:6   | Learned a level 5 spell: Bolt of Magma
 29555 | Lair:6   | Found a staircase to the Slime Pits.
 29585 | Lair:6   | Identified the +5 dagger "Fiv Sod" {flame, Int+4}
 30444 | Lair:6   | Reached skill level 10 in Conjurations
 30460 | Lair:6   | Reached XP level 15. HP: 85/103 MP: 31/36
 31039 | Lair:6   | Reached skill level 5 in Dodging
 31625 | Lair:6   | Identified the Volume of Freezing Clay
 32036 | Orc:1    | Entered Level 1 of the Orcish Mines
 32046 | Orc:1    | Reached skill level 18 in Spellcasting
 32068 | Orc:1    | Offered knowledge of Ozocubu's Refrigeration by Vehumet.
 32070 | Orc:1    | Noticed Fannar
 32082 | Orc:1    | Reached skill level 1 in Armour
 32102 | Orc:1    | Killed Fannar
 32137 | Orc:1    | Found Vircher's Magic Scroll Shoppe.
 32144 | Orc:1    | Found a flagged portal.
 32153 | Bailey   | Entered a bailey
 32995 | Orc:1    | Learned a level 7 spell: Ozocubu's Refrigeration
 33515 | Orc:1    | Bought a scroll of identify for 28 gold pieces
 33515 | Orc:1    | Bought a scroll of torment for 105 gold pieces
 33515 | Orc:1    | Bought a scroll of identify for 28 gold pieces
 33515 | Orc:1    | Bought a scroll of teleportation for 42 gold pieces
 33515 | Orc:1    | Bought a scroll of teleportation for 42 gold pieces
 33515 | Orc:1    | Identified a scroll of acquirement
 33516 | Orc:1    | Acquired 1083 gold pieces
 33602 | Orc:2    | Entered Level 2 of the Orcish Mines
 34097 | Orc:2    | Found Laruick's Magic Scroll Shoppe.
 34281 | Orc:2    | Bought a scroll of blinking for 112 gold pieces
 34281 | Orc:2    | Bought a scroll of blinking for 112 gold pieces
 34281 | Orc:2    | Bought a scroll of teleportation for 45 gold pieces
 35240 | Orc:2    | Found a staircase to the Elven Halls.
 35476 | Orc:2    | Found Kiosair's Antique Weapon Shop.
 35477 | Orc:2    | Found Wokaetomn's General Store.
 35477 | Orc:2    | Found Ephaor's Book Boutique.
 35480 | Orc:2    | Found Eseunela's Distillery.
 36334 | D:13     | Noticed Nessos
 36345 | D:13     | Killed Nessos
 36684 | D:13     | Found a transporter.
 37184 | D:14     | Offered knowledge of Fireball by Vehumet.
 37420 | D:14     | Found an iron altar of Okawaru.
 37436 | D:14     | Noticed Louise
 38334 | D:14     | Found a gate to the Vaults.
 38377 | D:14     | Reached XP level 16. HP: 109/109 MP: 18/38
 39414 | D:15     | Entered Level 15 of the Dungeon
 39550 | D:15     | Found the +5 sword of Power {vorpal}
 40179 | D:15     | Found an ornate altar of the Wu Jian Council.
 40187 | D:15     | Reached skill level 19 in Spellcasting
 40963 | D:15     | Found a staircase to the Depths.
 41222 | D:14     | Killed Louise
 41432 | Swamp:1  | Entered Level 1 of the Swamp
 41522 | Swamp:1  | Found a runed translucent door.
 41560 | Lair:2   | Learned a level 3 spell: Ignite Poison
 42245 | Swamp:1  | Offered knowledge of Eringya's Noxious Bog by Vehumet.
 44846 | Swamp:3  | Found a broken altar of Ashenzari.
 45225 | Swamp:3  | Reached skill level 10 in Ice Magic
 45225 | Swamp:3  | Reached XP level 17. HP: 115/115 MP: 25/40
 45242 | Swamp:3  | Reached skill level 20 in Spellcasting
 45733 | Swamp:4  | Entered Level 4 of the Swamp
 46325 | Swamp:4  | Offered knowledge of Lehudib's Crystal Spear by Vehumet.
 47547 | Swamp:4  | Got a decaying rune of Zot
 48236 | Snake:1  | Entered Level 1 of the Snake Pit
 49054 | Snake:1  | Noticed Azrael
 49063 | Snake:1  | Killed Azrael
 49962 | Snake:1  | Found Likkuith's Book Shoppe.
 49962 | Snake:1  | Found Musacut's Jewellery Shop.
 49963 | Snake:1  | Found Zessuos's Jewellery Shop.
 49969 | Snake:1  | Bought the ring "Fathrud" {rC+ Will+} for 624 gold pieces
 49974 | Snake:1  | Bought a book of Annihilations for 1656 gold pieces
 49976 | Snake:1  | Bought a book of the Earth for 975 gold pieces
 49983 | Snake:1  | Learned a level 6 spell: Iron Shot
 52157 | Snake:2  | Reached skill level 21 in Spellcasting
 52409 | Snake:2  | Reached ****** piety under Vehumet
 52583 | Snake:2  | Reached XP level 18. HP: 105/121 MP: 21/43
 54934 | Snake:4  | Entered Level 4 of the Snake Pit
 56275 | Snake:4  | Offered knowledge of Ignition by Vehumet.
 57125 | Snake:4  | Got a serpentine rune of Zot
 57647 | Snake:4  | Identified the ring of Qategh {Will+ EV+4 Str+4 Int+3}
 57805 | Snake:4  | Found Passoapi's Antique Armour Emporium.
 57860 | Snake:4  | Bought a glowing helmet for 277 gold pieces
 58745 | Snake:4  | Reached skill level 22 in Spellcasting
 59451 | Elf:1    | Entered Level 1 of the Elven Halls
 60094 | Elf:1    | Found a runed translucent door.
 60101 | Elf:1    | Noticed Huol's ghost (adept FoFi)
 60134 | Elf:1    | Identified Roxanne's Tome of Stones
 60134 | Elf:1    | Noticed Roxanne
 60140 | Elf:1    | Killed Roxanne
 60141 | Elf:1    | Reached XP level 19. HP: 126/126 MP: 17/45
 60337 | Elf:1    | Found Fettol's Magic Scroll Emporium.
 60432 | Elf:1    | Identified the Catalogue of Stones
 60464 | Elf:1    | Noticed a bone dragon
 60501 | Elf:1    | Killed a bone dragon
 60797 | Elf:1    | Identified the Incunabulum of Sinister Rituals
 60987 | Elf:1    | Identified Sif Muna's Incunabulum of Dislocation
 61248 | Elf:1    | Reached skill level 15 in Conjurations
 62282 | Elf:1    | Identified Wafaudwuza's Almanac of Hexes
 62422 | Elf:1    | Paralysed by an air elemental for 1 turns
 62425 | Elf:1    | Paralysed by an air elemental for 1 turns
 62547 | Elf:1    | Identified Sif Muna's Papyrus of Lightness
 62679 | Elf:1    | Killed Huol's ghost
 62978 | Elf:2    | Identified the ring "Puliwaih" {rElec rC+ Will- rCorr
                  | Dex+2}
 63035 | Elf:2    | Found a radiant altar of Vehumet.
 63041 | Elf:2    | Identified the +8 whip of Xom's Generosity {vorpal, Str+5
                  | Stlth+}
 63162 | Elf:2    | Found a huge runed translucent gate.
 63162 | Elf:2    | Found a huge runed translucent gate.
 63162 | Elf:2    | Found a huge runed translucent gate.
 63162 | Elf:2    | Found a huge runed translucent gate.
 63162 | Elf:2    | Found a huge runed translucent gate.
 65281 | Elf:3    | Entered Level 3 of the Elven Halls
 65361 | Elf:3    | Found Ollebuuxo's Distillery.
 65742 | Elf:3    | Found a runed translucent gate.
 65742 | Elf:3    | Found a runed translucent gate.
 65746 | Elf:3    | Found a runed translucent gate.
 65751 | Elf:3    | Noticed Frod's ghost (adept HuIE)
 65751 | Elf:3    | Noticed Feoll's ghost (journeyman DDNe)
 65862 | Elf:3    | Reached skill level 1 in Staves
 65863 | Elf:3    | Reached skill level 23 in Spellcasting
 66073 | Elf:3    | Reached XP level 20. HP: 133/133 MP: 16/47
 66661 | Elf:3    | Identified the +2 dire flail of Vozo {venom, rC+ SInv}
 66661 | Elf:3    | Identified the ring of Juhe {rPois rF+ Will+ Str-2 Slay+3}
 66911 | Elf:3    | Identified the +6 bardiche "Impslayer" {vorpal, rCorr}
 66911 | Elf:3    | Identified the amulet of the Sturgeon {Reflect rElec SH+5
                  | SInv}
 66936 | Elf:3    | Identified the +5 scale mail "Zituj" {rCorr Int-4 Dex+4}
 66936 | Elf:3    | Identified the ring of Mistrust {+Blink rC+++ MP+9 Str-3
                  | Int+4}
 67392 | Elf:3    | Identified the +9 morningstar of Keuwokim {holy, *Corrode
                  | rPois Str-5 Dex+9}
 67392 | Elf:3    | Found the ring of the Octopus King {rF+ AC+1 EV+1 Str+1
                  | Int+1 Dex+1}
 67553 | Elf:3    | Identified the +8 shortbow "Ducrext" {freeze, rC+ Dex+4}
 67560 | Elf:3    | Identified the +2 robe "Puss" {Harm rF- SInv}
 67564 | Elf:3    | Identified the +1 ring mail of the Blacksmith {Stlth+}
 67645 | Elf:3    | Killed Feoll's ghost
 67838 | Elf:3    | Killed Frod's ghost
 68476 | Snake:1  | Bought a book of Power for 675 gold pieces
 68485 | Snake:1  | Learned a level 7 spell: Orb of Destruction
 68813 | Vaults:1 | Entered Level 1 of the Vaults
 69131 | Vaults:1 | Reached skill level 5 in Staves
 70653 | Vaults:1 | Identified the +6 short sword of Disarray {flame, rN++}
 71204 | Vaults:1 | Reached skill level 24 in Spellcasting
 72035 | Vaults:1 | Found Celyhaz's Book Emporium.
 72599 | Vaults:2 | Reached XP level 21. HP: 138/138 MP: 35/49
 72614 | Vaults:2 | Reached skill level 15 in Ice Magic
 73823 | Vaults:2 | Identified the +3 halberd of Beyond {venom, Fragile rF+++
                  | rN+++ Dex-4}
 75727 | Vaults:3 | Identified the +10 plate armour of Happy Babbling {rPois
                  | rN+++ Int-3}
 75970 | Vaults:3 | Found a staircase to the Crypt.
 76021 | Vaults:3 | Noticed Donald
 76029 | Vaults:3 | Killed Donald
 76492 | Vaults:3 | Noticed Jory
 76729 | Vaults:3 | Killed Jory
 77572 | Vaults:3 | Reached skill level 25 in Spellcasting
 78221 | Vaults:4 | Reached XP level 22. HP: 145/145 MP: 27/51
 79541 | Vaults:5 | Entered Level 5 of the Vaults
 79545 | Vaults:5 | Reached skill level 10 in Staves
 79733 | Depths:1 | Entered Level 1 of the Depths
 80043 | Depths:1 | Found a gateway to a ziggurat.
 80077 | Depths:1 | Found a transporter.
 80080 | Depths:1 | Found the +12 glaive of Prune {vorpal}
 80080 | Depths:1 | Noticed Poecwed's ghost (veteran SpVM)
 80095 | Depths:1 | Found Buiwoups's Magic Scroll Emporium.
 80163 | Depths:1 | Found a gateway to Hell.
 80372 | Depths:1 | Found a portal to a secret trove of treasure.
 80695 | Depths:1 | Found Bootesk's Assorted Antiques.
 80697 | Depths:1 | Found Mose Toe's Magic Scroll Emporium.
 80697 | Depths:1 | Found Saehawn's Book Shoppe.
 80700 | Depths:1 | Found Zunas's Antique Weapon Emporium.
 80702 | Depths:1 | Bought a scroll of blinking for 270 gold pieces
 80702 | Depths:1 | Bought a scroll of torment for 270 gold pieces
 80714 | Depths:1 | Bought a scroll of teleportation for 36 gold pieces
 80714 | Depths:1 | Bought a scroll of teleportation for 36 gold pieces
 80714 | Depths:1 | Bought a scroll of blinking for 90 gold pieces
 80993 | Depths:1 | Found a transporter.
 81125 | Depths:1 | Found a sacrificial altar of Ru.
 82765 | Depths:2 | Identified the ring "Myicw" {Will+ AC+4 Str+4}
 83195 | Depths:2 | Noticed Nikola
 83204 | Depths:2 | Reached XP level 23. HP: 141/163 MP: 15/52
 83206 | Depths:2 | Killed Nikola
 83215 | Depths:2 | Noticed a caustic shrike
 83216 | Depths:2 | Noticed a caustic shrike
 83217 | Depths:2 | Noticed a caustic shrike
 83217 | Depths:2 | Noticed a caustic shrike
 83238 | Depths:1 | Learned a level 9 spell: Polar Vortex
 83502 | Depths:2 | Killed a caustic shrike
 83502 | Depths:2 | Demolished by a caustic shrike

Illustrated notes

Levels and vault maps discovered:
D:1:      evilmike_arrival_crescent, layout_loops_corners,
          chequers_serial_rivers_room_b, serial_park_tiny_pond
D:2:      kb_forest_paths, layout_basic, shapermc_ecumenical_altar_flowoftime,
          uniq_sigmund
D:3:      layout_rooms, evilmike_ruin_ashenzari, minmay_surrounded, uniq_terence
D:4:      layout_basic, minmay_temple_entry_poolview, serial_shops, shop,
          uniq_eustachio, uniq_duvessa
D:5:      layout_gridville, grunt_ministairs_12, minmay_manual_mandibuliform,
          uniq_pikel
D:6:      layout_loops_ring, gammafunk_ghost_abyssal_escape, grunt_ministairs_8,
          serial_bayou_ford_a, dk_rats_in_the_wall
D:7:      gammafunk_corrupted_shrine, layout_rooms, serial_shops,
          nicolae_shop_behind_doors, nicolae_lava_and_water, grunt_potential
D:8:      layout_loops_corners
D:9:      layout_roguey, grunt_temple_overflow_open, erik_lair_island,
          erik_orc_1
D:10:     layout_roguey
D:11:     layout_basic, nicolae_shop_sticking_my_neck_out
D:12:     lemuel_troll_bridge, layout_cave_pools
D:13:     emtedronai_trogs_sanctum, layout_grid_maze, uniq_nessos
D:14:     layout_gridville, hangedman_vaults_entry_quadrant_bands,
          okawaru_trees_2, kennysheep_generic_room_3, uniq_louise
D:15:     grunt_enter_depths_magical_seal, layout_loops_ring,
          nicolae_wu_jian_wuxing_cycle, amcnicky_mini_corridor_feature
Temple:   regret_index_temple_waves
Lair:1:   layout_long_grid, serial_bayou_lagoon_a,
          chequers_serial_rivers_room_a, grunt_megastairs_4, uniq_urug
Lair:2:   layout_layer_cave, minmay_swamp_entry_swarm, uniq_maggie,
          uniq_nergalle
Lair:3:   layout_chaotic_city
Lair:4:   layout_long_grid, minmay_snake_entry_six_corridors,
          gauntlet_entry_generic, uniq_rupert
Lair:5:   layout_regular_city, portal_ice_cave_demonic_guard, st_stairs_6,
          minivault_26, minivault_23, minmay_stone_trees_small
Lair:6:   evilmike_catoblepas_cave, layout_gridlike, minmay_slime_entry_pillars,
          lemuel_fruit_fields, lemuel_fruit_fields, grunt_megastairs_1
Swamp:1:  gammafunk_mikee_crab_dinner, layout_basic_swamp,
          evilmike_swamp_ruin_house_1, swamp_pool2, nicolae_swamp_little_tower,
          infiniplex_staircase_pool
Swamp:2:  nicolae_swamp_wrong_neighborhood, layout_falls_marsh,
          evilmike_swamp_ruin_rubble_1
Swamp:3:  layout_basic_swamp, lemuel_altar_in_water
Swamp:4:  swamp, layout_basic_swamp, swamp_pool2
Snake:1:  layout_honeycomb, minmay_shop_grove, uniq_azrael
Snake:2:  layout_grid_shapes, nicolae_snake_herptile_family_reunion
Snake:3:  layout_layer_cave
Snake:4:  hellmonk_snake_rune_quicksilver_temple, layout_layer_cave,
          serial_shops, shop, serial_bayou_shore_a
Orc:1:    layout_diamond_mine, serial_shops, shop, enter_bailey_1,
          nicolae_orc_bridge_out, uniq_fannar
Orc:2:    st_orc_rangers, layout_caves, serial_shops, shop
Elf:1:    layout_gridlike, serial_shops, shop, ebering_ghost_reflecting_pool,
          serial_hangedman_research, hangedman_research_electronics,
          hangedman_research_quantum, hangedman_research_geology,
          hangedman_research_probablistics, hangedman_research_thanatology,
          hangedman_elf_represent, hangedman_elf_simple_split, uniq_roxanne
Elf:2:    layout_loops_corners, basic_altar
Elf:3:    elf_hall, layout_loops_cross, gammafunk_ghost_cemetery,
          minmay_shop_grid_forest
Vaults:1: vaults_room_guarded_vault, v_misc_22, v_misc_5, v_misc_2, v_misc_31,
          vaults_dpeg_spiral, v_alt_pattern_6, nicolae_vaults_ring_of_whatevers,
          vaults_room_semicircle, vaults_room_ringed_pool,
          vaults_standard_mumra_x, layout_vaults_big_room, serial_shops, shop
Vaults:2: nicolae_vaults_alarming, nicolae_vaults_specimen_jars,
          dpeg_vaults_monster_row, vaults_room_stairs_pillars, st_smaller_cells,
          v_misc_33, ontoclasm_vaults_ring_large, v_pattern_1, vaults_mumra_lcd,
          vaults_room_semicircle, ontoclasm_vaults_ligature,
          vaults_room_large_hall, ontoclasm_vaults_pinch, hangedman_vaults_trim,
          vaults_room_large_hall, layout_vaults_omnibox
Vaults:3: v_alt_pattern_2, nicolae_vaults_diagonal_hallway_7,
          nicolae_vaults_little_squares_1, ontoclasm_vaults_decontamination,
          hangedman_vaults_river_flow, ontoclasm_vaults_fault,
          nicolae_vaults_little_squares_4, nicolae_vaults_asterisk, v_misc_10,
          minmay_crypt_entry_simple_box, layout_vaults_quadrants, uniq_jory,
          uniq_donald
Vaults:4: v_alt_pattern_2, nicolae_vaults_puzzle_piece, v_misc_23,
          vaults_room_hallway, nicolae_vaults_shelves_hall,
          nicolae_vaults_angled_halls, nicolae_vaults_hallways_thing,
          ontoclasm_vaults_hangar, hangedman_vaults_capsules, v_alt_pattern_3,
          nicolae_vaults_yaktaur_gun_rack, hangedman_vaults_trim,
          layout_vaults_ring, uniq_margery
Vaults:5: serial_shops, uniq_bai_suzhen
Depths:1: layout_basic, enter_ziggurat_d, gammafunk_ghost_arena,
          minmay_misc_feat_square, enter_trove_1, serial_shops, shop_statue,
          hell_entry, nicolae_ru_path_of_blood, minmay_shoptagon,
          infiniplex_staircase_pool_lava, firewood_loft, serial_bayou_shore_b
Depths:2: grunt_x_marks_the_spot, layout_basic, hell_entry,
          grunt_decor_fettered, minmay_staircase_statues, serial_bayou_shore_b,
          serial_bayou_shore_b, serial_bayou_shore_b, uniq_nikola, uniq_mara

Skill      XL: |  1  2  3  4  5  6  7  8  9 10 11 12 13 14 15 16 17 18 19 20 21 22 23 |
---------------+----------------------------------------------------------------------+-----
Transmutations | 1 |  1.3
Spellcasting   | 3 4 5 6 7 8 10 11 13 14 16 17 18 19 21 22 23 24 25 | 25.0
Earth Magic    | 3 4 5 6 7 8 10 | 10.1
Conjurations   | 1 2 3 4 5 6 8 10 11 12 13 14 15 | 15.4
Poison Magic   | 2 4 |  4.5
Shields        | 5 |  5.0
Fighting       | 5 9 |  9.8
Evocations     | 2 5 |  5.3
Ice Magic      | 5 6 8 10 11 12 13 14 16 17 | 17.0
Dodging        | 4 5 |  5.1
Armour         | 1 |  1.8
Staves         | 2 6 9 11 | 11.5
Stealth        | |  1.5

Action                   |  1- 3 |  4- 6 |  7- 9 | 10-12 | 13-15 | 16-18 | 19-21 | 22-24 || total
-------------------------+-------+-------+-------+-------+-------+-------+-------+-------++-------
Melee: Club              |    59 |       |       |       |       |       |       |       ||    59
       Staff             |   103 |    55 |    39 |       |    35 |    16 |    50 |     7 ||   305
       Whip              |       |       |    51 |   174 |    57 |       |       |       ||   282
 Cast: Sandblast         |    39 |    17 |       |     7 |   112 |    70 |    23 |     9 ||   277
       Stone Arrow       |     2 |    24 |    74 |   230 |   443 |    67 |    14 |     2 ||   856
       Lee's Rapid Decon |       |       |       |    80 |    80 |    40 |    49 |     4 ||   253
       Mephitic Cloud    |       |       |       |     1 |       |       |       |       ||     1
       Olgreb's Toxic Ra |       |       |       |     4 |   156 |   111 |    75 |       ||   346
       Freezing Cloud    |       |       |       |     1 |    33 |     9 |     1 |       ||    44
       Bolt of Magma     |       |       |       |       |    23 |   144 |     8 |     5 ||   180
       Lightning Bolt    |       |       |       |       |    11 |    31 |       |       ||    42
       Iskenderun's Myst |       |       |       |       |     1 |     1 |       |       ||     2
       Ignite Poison     |       |       |       |       |       |    24 |    31 |       ||    55
       Ozocubu's Refrige |       |       |       |       |       |   345 |   347 |   145 ||   837
       Iron Shot         |       |       |       |       |       |    13 |   166 |    51 ||   230
       Orb of Destructio |       |       |       |       |       |       |    16 |     4 ||    20
       Polar Vortex      |       |       |       |       |       |       |       |     1 ||     1
Evoke: Wand              |       |     4 |    20 |    11 |     9 |       |     7 |       ||    51
       Condenser vane    |       |       |       |     1 |     2 |       |     1 |       ||     4
  Use: Scroll            |       |     3 |     1 |     4 |    16 |     3 |    11 |     2 ||    40
 Stab: Sleeping          |     9 |       |       |     1 |     1 |       |     1 |       ||    12
       Confused          |       |       |       |     1 |       |       |       |       ||     1
Armor: Robe              |    30 |    26 |    62 |    90 |   112 |    69 |    67 |    18 ||   474
Dodge: Dodged            |   111 |    53 |    83 |   147 |   231 |   171 |   159 |    70 ||  1025
Block: Buckler           |       |       |       |    91 |   211 |   148 |    97 |    27 ||   574

Table legend: (Time is in decaauts)
 A = Elapsed time spent in this place.
 B = Non-inter-level travel time spent in this place.
 C = Inter-level travel time spent in this place.
 D = Time resting spent in this place.
 E = Time spent auto-exploring this place.
 F = Levels seen in this place.
 G = Mean time per level.
                   A        B        C        D        E       F      G
               +--------+--------+--------+--------+--------+-----+--------+
         Total |  83734 |  78674 |   5060 |   7343 |  61035 |  45 | 1860.8 |
       Dungeon |  26274 |  23761 |   2513 |   3157 |  17008 |  15 | 1751.6 |
        Temple |     82 |     44 |     38 |      0 |     39 |   1 |   82.0 |
          Lair |  10771 |   9683 |   1088 |    790 |   7646 |   6 | 1795.2 |
         Swamp |   6635 |   6469 |    166 |    917 |   4874 |   4 | 1658.8 |
     Snake Pit |  11240 |  10761 |    479 |    478 |   9316 |   4 | 2810.0 |
  Orcish Mines |   2804 |   2698 |    106 |    118 |   2008 |   2 | 1402.0 |
   Elven Halls |   8613 |   8322 |    291 |    337 |   6971 |   3 | 2871.0 |
        Vaults |  10830 |  10597 |    233 |    184 |   9422 |   5 | 2166.0 |
        Depths |   3780 |   3636 |    144 |   1213 |   1976 |   2 | 1890.0 |
        Bailey |    813 |    813 |      0 |     88 |    591 |   1 |  813.0 |
      Ice Cave |   1267 |   1267 |      0 |      0 |    997 |   1 | 1267.0 |
      Gauntlet |    618 |    618 |      0 |     61 |    186 |   1 |  618.0 |
               +--------+--------+--------+--------+--------+-----+--------+

Top non-repeatable levels by time:
Vaults:1: 3883 daAuts
 Snake:4: 3431 daAuts
   Elf:1: 3337 daAuts
     D:2: 3263 daAuts
Depths:1: 3097 daAuts
 Snake:2: 2904 daAuts
Vaults:2: 2790 daAuts
   Elf:2: 2691 daAuts
  Lair:2: 2625 daAuts
   Elf:3: 2584 daAuts
 Snake:1: 2503 daAuts
Vaults:3: 2408 daAuts
 Snake:3: 2400 daAuts
 Swamp:1: 2260 daAuts
  Lair:6: 2217 daAuts
